AoeStats
← 17525

Arabian Desert

508894328Analyzed
1v1 RM · 9d ago on Sep 24, 2026· 59m 48s· 2 players
Game mode
Random Map
Map size
Tiny (2 player)
Population
200
Speed
Normal
Resources
Standard
Victory
Conquest
Starting age
Dark Age
Ending age
Imperial Age
RankedLock teamsTeams togetherTeam positionsShared explorationLock speedFull tech treeHidden civsTurbo modeCheats
Victory
Defeat
🇹🇼 Huns · Taiwan
328
+11
🇺🇸 Franks · United States
212
-11
Proxypiemel
8:06 Loom
11:30 Feudal Age
12:26 Double-Bit Axe
22:19 Scale Barding Armor
26:02 Gold Mining
28:51 Castle Age
29:05 Elite Skirmisher
31:07 Bow Saw
31:30 Padded Archer Armor
31:29 Crossbowman
38:27 Stone Mining
39:12 Gold Shaft Mining
43:30 Leather Archer Armor
43:36 Chain Barding Armor
50:26 Husbandry
50:09 Pikeman
50:53 Squires
54:00 Imperial Age
56:43 Halberdier
58:44 Cavalier
17525
11:23 Feudal Age
13:14 Double-Bit Axe
14:03 Bloodlines
14:03 Horse Collar
27:20 Castle Age
28:06 Padded Archer Armor
29:35 Leather Archer Armor
29:41 Gold Mining
30:04 Bow Saw
29:44 Pikeman
30:53 Heavy Plow
34:15 Thumb Ring
34:10 Stone Mining
36:43 Fletching
37:31 Gold Shaft Mining
38:28 Town Watch
40:46 Wheelbarrow
40:12 Town Patrol
40:07 Loom
44:04 Squires
44:40 Hand Cart
45:33 Ballistics
45:14 Bodkin Arrow
51:23 Imperial Age
50:05 Husbandry
49:27 Light Cavalry
51:11 Light Cavalry
52:53 Bracer
Connection lost

Rejoining the realm…

Still unreachable

The connection could not be restored.

Session expired

The server has moved on; the page needs a fresh start.